cohdb
Replays
Latest Replays
All Replays
Popular Replays
Top Player Replays
Match Explorer
How It Works
Community
CoH3 Stats
Reddit
Sign in to upload your games and track your stats! →
Sign in with Steam
Match 39006324
Unlisted
Match 39006324
Overview
Messages
Build Orders
End
Selects Mechanized Battlegroup
Construct Infanterie Kompanie
Grenadier Squad
Grenadier Squad
MG 42 Machine Gun Team
Construct Panzergrenadier Kompanie
Grenadier Squad
251 Medium Carrier
Selects Raid Package
Panzergrenadier Officer Quarters
Panzergrenadier Squad
Selects Mobile Repair Stations
Support Elements
Construct Panzer Kompanie
Pak 40 Anti-tank Gun Team
Selects 8 Rad Armored Car
Selects UNKNOWN (2160084)
Panther Heavy Tank
Panther Heavy Tank
Panzer Officer Quarters
Selects Wespe Self-propelled Artillery
Pioneer Squad
Selects Zeroing Artillery Barrage
Starman
Megasalami
Kaesar
Bruistablet
0
0
Comments
sign in to comment!
No comments posted yet!